 Dungeon Crawl Stone Soup version 0.31-a0-1370-gf52a5a9ab3 (webtiles) character file.

Game seed: 14373018201277342835

16 Sobieck the Conjurer (level 2, 0/15 HPs)
             Began as a Deep Elf Conjurer on Dec 23, 2023.
             Slain by a gnoll
             ... wielding a +0 spear
              (2 damage)
             ... on level 2 of the Dungeon.
             The game lasted 00:00:50 (1084 turns).

Sobieck the Conjurer (Deep Elf Conjurer)            Turns: 1084, Time: 00:00:51

Health: 0/15       AC:  2    Str:  4    XL:     2   Next: 37%
Magic:  8/8        EV: 12    Int: 22    God:
Gold:   28         SH:  0    Dex: 13    Spells: 6/7 levels left

rFire   . . .        (no weapon)
rCold   . . .        (no shield)
rNeg    . . .        a - +0 robe
rPois   .            (no helmet)
rElec   .            (no cloak)
rCorr   .            (no gloves)
SInv    .            (no boots)
Will    .....        (no amulet)
Stlth   ++           (no ring)
HPRegen 0.22/turn    (no ring)
MPRegen 0.11/turn

%: no passive effects
@: no status effects
A: no striking features
a: no special abilities


You were on level 2 of the Dungeon.
You visited 1 branch of the dungeon, and saw 2 of its levels.

You collected 28 gold pieces.

Inventory:

Armour
 a - a +0 robe (worn)
Scrolls
 d - a scroll of identify {unknown}
 f - a scroll of blinking {unknown}
 g - a scroll of fog {unknown}
 h - a scroll of poison {unknown}
Potions
 b - a potion of magic
 c - a potion of degeneration {unknown}
 e - a potion of curing {unknown}
 i - a potion of mutation {unknown}
 j - a potion of berserk rage {unknown}


   Skills:
 - Level 2.4 Dodging
 - Level 2.4 Stealth
 + Level 3.4 Spellcasting
 + Level 4.6 Conjurations
 + Level 1.4 Hexes


You had 6 spell levels left.
You knew the following spells:

 Your Spells              Type           Power      Damage    Failure   Level
a - Magic Dart            Conj           96%        1d7       1%          1

Your spell library contained the following spells:

 Spells                   Type           Power      Damage    Failure   Level
 Searing Ray              Conj           48%        2d6       2%          2
 Stone Arrow              Conj/Erth      28%        3d8       14%         3
 Fulminant Prism          Conj/Alch      7%         3d6       41%         4
 Iskenderun's Mystic Bla  Conj/Tloc      14%        2d5       41%         4
 Animate Armour           Summ/Erth      6%         N/A       75%         4
 Lehudib's Crystal Spear  Conj/Erth      7%         10d3      100%        8


Dungeon Overview and Level Annotations

Branches:
Dungeon (2/15)

Altars:


Message History

Your magical contamination has completely faded away.
You see here a hobgoblin corpse.
You see here a hobgoblin corpse.
You enter the shallow water.
Moving in this stuff is going to be slow.
Done exploring.
Done exploring.
Done exploring.
Done exploring.
Done exploring.
There is a stone staircase leading down here.
You climb downwards.
Found a sedimented puce potion and a robe.
There is a stone staircase leading up here.
Unknown command.
Unknown command.
j - a sedimented puce potion
Found a leather armour.
Found a faded altar of an unknown god.
A quokka comes into view.
A quokka is nearby!
The magic dart hits the quokka.
You kill the quokka!
Magic restored.
You enter the shallow water.
Moving in this stuff is going to be slow. 3 gnolls come into view.
The gnoll shouts!
There are monsters nearby!
There are monsters nearby!
Unknown command.
Found a blue potion.
The gnoll shouts!
The gnoll attacks as it pursues you!
The gnoll hits you from afar with a +0 spear.
The gnoll attacks as it pursues you!
The gnoll hits you from afar with a +0 spear.
The gnoll attacks as it pursues you! The gnoll misses you.
You enter the shallow water.
Moving in this stuff is going to be slow.
The gnoll attacks as it pursues you! The gnoll closely misses you.
The gnoll attacks as it pursues you! The gnoll closely misses you.
The gnoll attacks as it pursues you! The gnoll closely misses you.
The gnoll attacks as it pursues you!
The gnoll hits you from afar with a +0 spear!
Ouch! That really hurt!
* * * LOW HITPOINT WARNING * * *
Unknown command.
The gnoll hits you from afar with a +0 spear.
You die...

#.........#
#.#######.# #.#####
#.# ## #.....# #.#
#.## . #..##.#
#.###..## .. #..##.#
#.# ....## ...
#..##.###.# .... ..
#.........####.##.#
##.##........@....#
#.###########.#### # #
#.# ##g## .#.#
####.#### ##...###...
#.......# ##..g.......
#.#.##..#
##.......####
#.#.#...####.........#
#.#........+.....g..[+
#.#.#...####.........#


You could see 3 gnolls.

Vanquished Creatures
  A dart slug (D:1)
  3 hobgoblins (D:1)
  A quokka (D:2)
  A ball python (D:1)
  A frilled lizard (D:1)
  5 kobolds (D:1)
  2 rats (D:1)
14 creatures vanquished.

Notes
Turn   | Place    | Note
-------+----------+-------------------------------------------
     0 | D:1      | Sobieck the Deep Elf Conjurer began the quest for the Orb.
     0 | D:1      | Reached XP level 1. HP: 10/10 MP: 6/6
   268 | D:1      | Reached skill level 1 in Hexes
   360 | D:1      | Reached XP level 2. HP: 15/15 MP: 4/8
  1024 | D:2      | Found a faded altar of an unknown god.
  1084 | D:2      | Slain by a gnoll

Illustrated notes

Levels and vault maps discovered:
D:1:      psy_arrival_radial02, layout_loops_ring, minivault_4
D:2:      layout_loops_corners, chequers_ecumenical_altar_island,
          dreamdust_wishing_well

Skill      XL: |  1 |
---------------+----+-----
Hexes          | 1 |  1.4
Dodging        | |  2.4
Stealth        | |  2.4
Spellcasting   | |  3.4
Conjurations   | |  4.6

Action                     || total
---------------------------++-------
   Cast: Magic Dart        ||    25
 Armour: Robe              ||     5
  Dodge: Dodged            ||     4

Table legend: (Time is in decaauts)
 A = Elapsed time spent in this place.
 B = Non-inter-level travel time spent in this place.
 C = Inter-level travel time spent in this place.
 D = Time resting spent in this place.
 E = Time spent auto-exploring this place.
 F = Levels seen in this place.
 G = Mean time per level.
                   A        B        C        D        E       F      G
               +--------+--------+--------+--------+--------+-----+--------+
         Total |   1085 |   1080 |      5 |      0 |    992 |   2 |  542.5 |
       Dungeon |   1085 |   1080 |      5 |      0 |    992 |   2 |  542.5 |
               +--------+--------+--------+--------+--------+-----+--------+

Top non-repeatable levels by time:
     D:1: 981 daAuts
     D:2: 104 daAuts
